 Dungeon Crawl Stone Soup version 0.24-a0-201-gf205589 (webtiles) character file.

Game seed: 6170048158069200806

511 tilp the Ruffian (level 6, -1/62 HPs)
             Began as a Troll Monk on Mar 24, 2019.
             Was a Believer of Qazlal.
             Slain by a crimson imp (3 damage)
             ... on level 5 of the Dungeon.
             The game lasted 00:08:04 (2182 turns).

tilp the Ruffian (Troll Monk)                       Turns: 2182, Time: 00:08:05

Health: -1/62      AC:  8    Str: 22    XL:     6   Next: 99%
Magic:  5/5        EV: 11    Int:  8    God:    Qazlal [**....]
Gold:   290        SH:  2    Dex: 16    Spells: 5/5 levels left

rFire    + . .     SeeInvis .     - Unarmed
rCold    + . .     Gourm    +   (no shield)
rNeg     . . .     Faith    .   q - +2 robe {rC+ rF+}
rPois    .         Spirit   .   (helmet restricted)
rElec    .         Reflect  .   (no cloak)
rCorr    .         Harm     .   (gloves unavailable)
MR       .....                  (boots unavailable)
Stlth    ++........             (no amulet)
HPRegen  0.60/turn              w - +2 ring of intelligence
MPRegen  0.09/turn              u - +4 ring of dexterity

@: no status effects
A: large, unfitting armour, claws 3, fast metabolism 3, gourmand, regeneration
1, shaggy fur 1, tough skin 3
a: Upheaval, Renounce Religion


You were on level 5 of the Dungeon.
You worshipped Qazlal.
Qazlal was pleased with you.
You were completely stuffed.

You visited 1 branch of the dungeon, and saw 5 of its levels.

You collected 290 gold pieces.

Inventory:

Missiles
 c - 176 stones (quivered)
 p - 44 sling bullets
Armour
 a - a cursed +0 robe
 q - a +2 robe of resistance (worn)
Jewellery
 k - an uncursed ring of magical power
 u - a +4 ring of dexterity (right claw)
 w - a +2 ring of intelligence (left claw)
Wands
 j - a wand of disintegration (14)
Scrolls
 d - a scroll of remove curse
 g - 5 scrolls of teleportation
 h - 3 scrolls of fog
 i - a scroll of magic mapping {unknown}
 r - a scroll of enchant armour
 s - a scroll of amnesia {unknown}
 t - a scroll of fear {unknown}
 v - a scroll of blinking
Potions
 e - 2 potions of might
 f - 2 potions of flight
 l - 4 potions of curing
 m - 2 potions of agility {unknown}
 n - 3 potions of heal wounds {unknown}
 x - a potion of haste {unknown}
 z - a potion of mutation {unknown}
Comestibles
 b - 11 rations
 o - 4 chunks of flesh


   Skills:
 + Level 4.2 Fighting
 - Level 2.4 Dodging
 - Level 1.0 Stealth
 * Level 6.7 Unarmed Combat


You had 5 spell levels left.
You didn't know any spells.
Your spell library contained the following spells:

 Spells                   Type           Power        Failure   Level  Hunger
 Freeze                   Ice            #...         41%         1    ##.....
 Throw Frost              Conj/Ice       #.....       54%         2    ###....
 Ozocubu's Armour         Chrm/Ice       #.......     78%         3    ####...
 Summon Ice Beast         Ice/Summ       #.......     99%         4    #####..
 Throw Icicle             Conj/Ice       #.......     99%         4    #####..


Dungeon Overview and Level Annotations

Branches:
Dungeon (5/15)
 Temple: D:4-7

Altars:
Qazlal

Annotations:
D:1 dig vault


Innate Abilities, Weirdness & Mutations

You are too large for most types of armour.
You have claws for hands.
Your metabolism is lightning-fast.
You like to eat raw meat.
Your natural rate of healing is unusually fast.
You are covered in fur. (AC +1)
You have extremely tough skin. (AC +3)


Message History

The crimson imp grinds its teeth.
The ogre hits you with a +0 giant club!!
You are too injured to fight recklessly!
You are too injured to fight recklessly!
You are too injured to fight recklessly!
You are too injured to fight recklessly!
You closely miss the ogre. The ogre hits you with a +0 giant club!
You claw the ogre! x2
The ogre is severely wounded.
The crimson imp closely misses you.
You closely miss the ogre.
The ogre is severely wounded.
The ogre hits you with a +0 giant club!!
* * * LOW HITPOINT WARNING * * *
The crimson imp barely misses you.
Unknown command.
You completely miss the ogre.
The ogre is severely wounded.
The ogre closely misses you. The crimson imp hits you.
You die...

...... ##
.......### .##
.......... ...#
.........# ....#
.........##......#
..................#
......!.5.........#
#.......@O# ....?.#
..#.(..####......#
##.#.##........#
#...#..........
..##..รท..........
..........<.......
...#....##.#......
... ##...#### .....
.. ##..# ....


You could see an ogre and a crimson imp.

Vanquished Creatures
  A phantom (D:4)
  A scorpion (D:4)
  A centaur zombie (D:5)
  A hound (D:4)
  A centaur skeleton (D:4)
  3 orc wizards (D:4)
  A worker ant (D:4)
  4 gnolls (D:2)
  5 adders
  An ooze (D:3)
  2 worms
  3 dart slugs
  A leopard gecko (D:2)
  2 orcs (D:4)
  7 bats
  2 giant cockroaches
  11 hobgoblins
  10 jackals
  2 quokkas
  5 frilled lizards
  8 goblins
  A jackal skeleton (D:4)
  8 kobolds
  4 rats
85 creatures vanquished.

Vanquished Creatures (others)
  A rat (D:3)
1 creature vanquished.

Grand Total: 86 creatures vanquished

Notes
Turn   | Place    | Note
-------+----------+-------------------------------------------
     0 | D:1      | tilp the Troll Monk began the quest for the Orb.
     0 | D:1      | Reached XP level 1. HP: 22/22 MP: 0/0
   117 | D:1      | Reached XP level 2. HP: 29/29 MP: 1/1
   406 | D:1      | Reached XP level 3. HP: 34/36 MP: 2/2
   477 | D:2      | Reached skill level 4 in Unarmed Combat
   665 | D:2      | Reached XP level 4. HP: 45/45 MP: 3/3
  1385 | D:3      | Reached skill level 5 in Unarmed Combat
  1435 | D:3      | Reached XP level 5. HP: 53/53 MP: 4/4
  1726 | D:4      | Reached XP level 6. HP: 45/62 MP: 5/5
  1736 | D:4      | Reached skill level 6 in Unarmed Combat
  2044 | D:4      | Found a stormy altar of Qazlal.
  2069 | D:4      | Became a worshipper of Qazlal Stormbringer
  2069 | D:4      | Reached * piety under Qazlal
  2069 | D:4      | Reached ** piety under Qazlal
  2157 | D:5      | Entered Level 5 of the Dungeon
  2181 | D:5      | HP: 1/62 [ogre/+0 giant club (27)]
  2182 | D:5      | Slain by a crimson imp

Levels and vault maps discovered:
D:1:      dpeg_arrival_water_temple_mockup, layout_rooms, serial_glass,
          glass_columns_b, glass_columns_a, feat_on_display,
          due_unseen_surprise, item_on_display_a, minmay_strange_pillars
D:2:      layout_loops_ring
D:3:      layout_basic, first_ration, lemuel_another_geyser
D:4:      layout_rooms, grunt_qazlal_sundering
D:5:      layout_cave_pools, gammafunk_temple_overflow_arena, temple_doors_ab,
          uniq_crazy_yiuf_cottage

Skill      XL: |  1  2  3  4  5  6 |
---------------+-------------------+-----
Unarmed Combat | 4 5 6 |  6.7
Fighting       | 3 4 |  4.2
Dodging        | |  2.4
Stealth        | |  1.0

Action                   |  1- 3 |  4- 6 || total
-------------------------+-------+-------++-------
Melee: Unarmed           |    92 |   137 ||   229
       Punch             |     3 |     3 ||     6
  Use: Scroll            |       |     9 ||     9
 Stab: Sleeping          |     2 |     2 ||     4
  Eat: Chunk             |    12 |    14 ||    26
Armor: Robe              |    31 |    43 ||    74
Dodge: Dodged            |    52 |    51 ||   103

Table legend:
 A = Non-vault XP
 B = Vault XP
 C = Vault XP percentage of total XP
 D = Non-vault monster count
 E = Vault monster count
 F = Vault count percentage of total count
                 A         B        C        D         E       F
            +---------+---------+-------+---------+---------+-------
      Total |     731 |       0 |   0.0 |      85 |       0 |   0.0
            +---------+---------+-------+---------+---------+-------
        D:1 |      43 |       0 |   0.0 |      25 |       0 |   0.0
        D:2 |     111 |       0 |   0.0 |      25 |       0 |   0.0
        D:3 |      62 |       0 |   0.0 |      19 |       0 |   0.0
        D:4 |     465 |       0 |   0.0 |      14 |       0 |   0.0
        D:5 |      50 |       0 |   0.0 |       2 |       0 |   0.0
            +---------+---------+-------+---------+---------+-------
